 Dungeon Crawl Stone Soup version 0.28-a0-556-gab23d0e057 (webtiles) character file.

Game seed: 16236016186951268375

562 lunkers the Ruffian (level 7, -1/71 HPs)
             Began as a Troll Cinder Acolyte on Sept 27, 2021.
             Was a High Priest of Ignis.
             Slain by a shadow (30 damage)
             ... on level 5 of the Dungeon on Sept 28, 2021.
             The game lasted 00:07:33 (3953 turns).

lunkers the Ruffian (Troll Cinder Acolyte)          Turns: 3953, Time: 00:07:34

Health: -1/71      AC:  4    Str: 23    XL:     7   Next: 10%
Magic:  1/7        EV:  9    Int: 16    God:    Ignis [*****.]
Gold:   174        SH:  0    Dex:  7    Spells: 6/8 levels left

rFire   + . .      SeeInvis .     - Unarmed
rCold   + . .      Faith    .   (no shield)
rNeg    . . .      Spirit   .   a - +0 robe
rPois   .          Reflect  .   (helmet restricted)
rElec   .          Harm     .   (no cloak)
rCorr   .          Rampage  .   (gloves unavailable)
Will    .....                   (boots unavailable)
Stlth   +.........              (no amulet)
HPRegen 1.21/turn               o - +6 ring of intelligence
MPRegen 0.10/turn               v - ring of protection from cold

@: no status effects
A: large, unfitting armour, claws 3, regeneration 1, shaggy fur 1, tough skin 1
a: Renounce Religion, Sea of Fire, Foxfire Swarm, Rising Flame


You were on level 5 of the Dungeon.
You worshipped Ignis.
Ignis was extremely pleased with you.
You visited 1 branch of the dungeon, and saw 5 of its levels.

You collected 174 gold pieces.

Inventory:

Missiles
 e - 70 stones (quivered)
 f - 7 boomerangs
 g - 9 poisoned darts
 r - 4 boomerangs of dispersal
Armour
 a - a +0 robe (worn)
Jewellery
 o - a +6 ring of intelligence (left claw)
 v - a ring of protection from cold (right claw)
Wands
 s - a wand of iceblast (5)
 w - a wand of flame (20)
Scrolls
 b - a scroll of teleportation {unknown}
 c - 2 scrolls of fear {unknown}
 d - 2 scrolls of amnesia {unknown}
 j - 3 scrolls of immolation {unknown}
 n - a scroll of identify {unknown}
 p - a scroll of fog {unknown}
 q - a scroll of enchant armour {unknown}
 t - 2 scrolls of vulnerability {unknown}
Potions
 h - 3 potions of heal wounds {unknown}
 i - 3 potions of flight {unknown}
 k - 3 potions of curing {unknown}
 l - 2 potions of ambrosia {unknown}
 m - 2 potions of degeneration {unknown}
 u - 2 potions of might {unknown}
 x - a potion of lignification {unknown}


   Skills:
 + Level 4.3 Fighting
 * Level 6.9 Unarmed Combat
 - Level 1.0 Spellcasting
 - Level 2.1 Fire Magic


You had 6 spell levels left.
You knew the following spells:

 Your Spells              Type           Power      Damage    Failure   Level
b - Scorch                Fire           14%        2d6       14%         2

Your spell library contained the following spells:

 Spells                   Type           Power      Damage    Failure   Level
 Animate Skeleton         Necr           0%         N/A       22%         1
 Pain                     Necr           0%         1d4       22%         1
 Vampiric Draining        Necr           0%         2d6       56%         3


Dungeon Overview and Level Annotations

Branches:
Dungeon (5/15)
 Temple: D:4-7

Altars:
Makhleb
Sif Muna
Xom
The Shining One

Shops:
D:4 !?[:*

Annotations:
D:3 1 runed translucent door, Crazy Yiuf
D:4 2 transporters, runemasterragnar's ghost, amateur DjCj


Innate Abilities, Weirdness & Mutations

You are too large for most types of armour.
You have claws for hands.
Your natural rate of healing is unusually fast.
You are covered in fur. (AC +1)
You have tough skin. (AC +1)


Message History

The shadow slips into darkness.
The shadow flickers and vanishes!
Deactivating autopickup; reactivate with Ctrl-A.
The shadow strikes at you from the darkness!
Reactivating autopickup.
Your magical contamination has completely faded away.
There is an open door here.
Casting: Scorch (safe; 14% risk of failure)
Confirm with . or Enter, or press ? or * to list all spells.
Flames lash the shadow.
The shadow is moderately damaged.
The shadow's fire resistance burns away.
* * * LOW MAGIC WARNING * * *
Unknown command.
You scratch the shadow.
The shadow is heavily damaged.
The shadow hits you.
* * * LOW HITPOINT WARNING * * *
You closely miss the shadow.
The shadow is heavily damaged.
The shadow hits you.
You barely miss the shadow.
The shadow is heavily damaged.
The shadow hits you.
You barely miss the shadow.
The shadow is heavily damaged.
The shadow is no longer more vulnerable to fire.
The shadow slips into darkness.
The shadow flickers and vanishes!
Deactivating autopickup; reactivate with Ctrl-A.
Unknown command.
The shadow strikes at you from the darkness!
* * * LOW HITPOINT WARNING * * *
Reactivating autopickup.
The shadow slips into darkness.
The shadow flickers and vanishes!
Deactivating autopickup; reactivate with Ctrl-A.
You open the door.
The shadow strikes at you from the darkness!
You die...

#..#)##....# #..#.#####.#
#####....# #.# ###
#........# ##'## #..
#.###...## ##...## #.#
#.####.## ##.....## #.#
#.##.### ##.......## #.###
#.#...####.........####....
#........'@{.......'....#..
#.#...####.........####....
#.##.## ##.......## #.#..
#.#### ##.....## #.... #.#
##...## ##### #.######
###'###### #. #.##...#
#........# #. #....#.#
#.#.#.##.# #> ####...#
#.#.#.##.# #.


There were no monsters in sight!

Vanquished Creatures
  Grinder (D:5)
  A phantom (D:4)
  A bullfrog skeleton (D:4)
  Natasha (twice) (D:2)
  An iguana (D:4)
  2 orc wizards (D:4)
  A hound skeleton (D:3)
  7 adders
  A worm (D:2)
  2 dart slugs (D:1)
  6 orcs
  5 endoplasms
  3 giant cockroaches
  3 goblins
  5 hobgoblins
  5 kobolds
  3 quokkas
  6 ball pythons
  A bat (D:1)
  A frilled lizard (D:3)
  5 rats
62 creatures vanquished.

Vanquished Creatures (others)
  A demonic plant (D:2)
  6 fungi (D:2)
  3 plants (D:2)
  5 withered plants (D:2)
15 creatures vanquished.

Grand Total: 77 creatures vanquished

Notes
Turn   | Place    | Note
-------+----------+-------------------------------------------
     0 | D:1      | lunkers the Troll Cinder Acolyte began the quest for the
                  | Orb.
     0 | D:1      | Reached XP level 1. HP: 22/22 MP: 1/1
   198 | D:1      | Reached XP level 2. HP: 23/29 MP: 2/2
   566 | D:2      | Upgraded the game from 0.28-a0-537-g3bccd9ccbf to
                  | 0.28-a0-556-gab23d0e057
   743 | D:2      | Reached XP level 3. HP: 4/36 MP: 3/3
   793 | D:2      | Noticed Natasha
   798 | D:2      | Killed Natasha
   799 | D:2      | Reached skill level 4 in Unarmed Combat
   986 | D:2      | Found a faded altar of an unknown god.
   998 | D:2      | Reached XP level 4. HP: 34/45 MP: 4/4
  1109 | D:2      | Noticed Natasha
  1124 | D:2      | Killed Natasha
  1465 | D:3      | Found a shimmering blue altar of Sif Muna.
  1493 | D:3      | Found a burning altar of Makhleb.
  1549 | D:3      | Learned a level 2 spell: Scorch
  1842 | D:3      | Found a shimmering altar of Xom.
  1942 | D:3      | Reached skill level 5 in Unarmed Combat
  1953 | D:3      | Reached XP level 5. HP: 29/53 MP: 5/5
  2114 | D:3      | Found a runed translucent door.
  2115 | D:3      | Noticed Crazy Yiuf
  2384 | D:4      | Noticed a phantom
  2394 | D:4      | Killed a phantom
  2506 | D:4      | Reached XP level 6. HP: 55/62 MP: 6/6
  2584 | D:4      | Found a transporter.
  2585 | D:4      | Noticed runemasterragnar's ghost (amateur DjCj)
  2586 | D:4      | Found a transporter.
  2587 | D:4      | Identified the +5 great mace of Embarrassment {venom, rPois
                  | rC- Str+4 Int+7}
  2625 | D:4      | Found Ekeaz's Armour Shop.
  2626 | D:4      | Found Som Diso's Distillery.
  2626 | D:4      | Found Boclireff's Book Boutique.
  2630 | D:4      | Found Piarrad's Magic Scroll Emporium.
  2630 | D:4      | Found Kidousi's General Store.
  2633 | D:4      | Reached skill level 6 in Unarmed Combat
  2730 | D:4      | Found a glowing golden altar of the Shining One.
  3603 | D:5      | Entered Level 5 of the Dungeon
  3668 | D:5      | Noticed Grinder
  3680 | D:5      | Killed Grinder
  3681 | D:5      | Reached XP level 7. HP: 53/71 MP: 0/7
  3925 | D:5      | Noticed a shadow
  3953 | D:5      | Slain by a shadow

Illustrated notes

Levels and vault maps discovered:
D:1:      grunt_arrival_crossed_arrows, layout_basic, grunt_decor_cap
D:2:      layout_loops_corners, shapermc_ecumenical_altar_gd, uniq_natasha
D:3:      layout_loops_ring, nicolae_sif_muna_condensation,
          mainiacjoe_overflow_tiny_flanked, lemuel_tele_altar,
          uniq_crazy_yiuf_cottage
D:4:      layout_basic, tso_metal_star, gammafunk_ghost_smash,
          nicolae_wooded_promenade
D:5:      layout_loops_corners, lemuel_coloured_pillars_altar, serial_glass,
          glass_columns_b, glass_columns_a, uniq_menkaure, uniq_prince_ribbit1,
          uniq_grinder, uniq_edmund

Skill      XL: |  1  2  3  4  5  6 |
---------------+-------------------+-----
Fighting       | 3 4 |  4.3
Unarmed Combat | 4 5 6 |  6.9
Spellcasting   | |  1.0
Fire Magic     | |  2.1

Action                   |  1- 3 |  4- 6 |  7- 9 || total
-------------------------+-------+-------+-------++-------
Melee: Unarmed           |    62 |   130 |     4 ||   196
       Punch             |     1 |     4 |       ||     5
Throw: Stone             |    22 |    13 |       ||    35
 Cast: Scorch            |       |     3 |     3 ||     6
Evoke: Wand              |       |     1 |       ||     1
Armor: Robe              |    12 |    25 |     4 ||    41
Dodge: Dodged            |    27 |    51 |       ||    78

Table legend: (Time is in decaauts)
 A = Elapsed time spent in this place.
 B = Non-inter-level travel time spent in this place.
 C = Inter-level travel time spent in this place.
 D = Time resting spent in this place.
 E = Time spent auto-exploring this place.
 F = Levels seen in this place.
 G = Mean time per level.
                   A        B        C        D        E       F      G
               +--------+--------+--------+--------+--------+-----+--------+
         Total |   3947 |   3713 |    234 |      6 |   3156 |   5 |  789.4 |
       Dungeon |   3947 |   3713 |    234 |      6 |   3156 |   5 |  789.4 |
               +--------+--------+--------+--------+--------+-----+--------+

Top non-repeatable levels by time:
     D:4: 1238 daAuts
     D:2: 920 daAuts
     D:3: 897 daAuts
     D:1: 543 daAuts
     D:5: 348 daAuts
